 Dungeon Crawl Stone Soup version 0.25.0-41-g26779e291d (webtiles) character file.

Game seed: 13342393627051564461

128 Aviak the Firebug (level 4, 31/33 HPs)
             Began as a Demonspawn Fire Elementalist on July 10, 2020.
             Quit the game on level 2 of the Dungeon.
             The game lasted 00:02:57 (1601 turns).

Aviak the Firebug (Demonspawn Fire Elementalist)    Turns: 1601, Time: 00:02:58

Health: 31/33      AC:  4    Str:  8    XL:     4   Next: 87%
Magic:  1/8        EV: 12    Int: 17    God:
Gold:   85         SH:  0    Dex: 14    Spells: 7/8 levels left

rFire    . . .     SeeInvis .   i - +0 dagger
rCold    . . .     Gourm    .   (no shield)
rNeg     . . .     Faith    .   a - +0 robe
rPois    .         Spirit   .   j - +1 helmet
rElec    .         Reflect  .   (no cloak)
rCorr    .         Harm     .   (no gloves)
MR       .....                  (no boots)
Stlth    ++........             (no amulet)
HPRegen  0.11/turn              (no ring)
MPRegen  0.11/turn              (no ring)

@: hasted (expiring), very quick
A: claws 2, spiny 1
a: no special abilities


You were on level 2 of the Dungeon.
You were hungry.

You visited 1 branch of the dungeon, and saw 2 of its levels.

You collected 85 gold pieces.

Inventory:

Hand Weapons
 i - a +0 dagger (weapon)
Armour
 a - a +0 robe (worn)
 j - a +1 helmet (worn)
Scrolls
 b - 3 scrolls of enchant weapon {unknown}
 e - a scroll of teleportation {unknown}
 h - a scroll of fear {unknown}
Potions
 d - a potion of flight {unknown}
 f - a potion of haste
 g - a potion of mutation {unknown}
 k - a potion of curing {unknown}
Comestibles
 c - 4 rations


   Skills:
 + Level 2.1 Fighting
 - Level 1.7 Dodging
 - Level 1.7 Stealth
 + Level 2.9 Spellcasting
 + Level 2.3 Conjurations
 + Level 3.4 Fire Magic


You had 7 spell levels left.
You knew the following spells:

 Your Spells              Type           Power        Failure   Level  Hunger
a - Foxfire               Conj/Fire      ##..         5%          1    None

Your spell library contained the following spells:

 Spells                   Type           Power        Failure   Level  Hunger
 Conjure Flame            Conj/Fire      ##......     16%         3    ###....
 Inner Flame              Hex/Fire       #.......     26%         3    ###....
 Sticky Flame             Conj/Fire      ##......     47%         4    ####...
 Fireball                 Conj/Fire      ##........   83%         5    ######.


Dungeon Overview and Level Annotations

Branches:
Dungeon (2/15)

Altars:


Innate Abilities, Weirdness & Mutations

You have very sharp fingernails.
You are partially covered in sharp spines.


Message History

The jackal is severely wounded.
The jackal bites you but does no damage.
You hit the jackal.
You kill the jackal!
You hit the ogre.
The ogre is almost dead.
You hit the ogre.
The ogre is almost dead.
The ogre completely misses you.
You hit the ogre.
You kill the ogre!
Your Fighting skill increases to level 2!
Your Conjurations skill increases to level 2!
You have reached level 4!
You feel agile.
Your demonic ancestry asserts itself...
Sharp spines emerge from parts of your body.
Your extra speed is starting to run out.
Items here: ) ††† a +0 giant spiked club; an ogre corpse; a jackal corpse x2
Are you sure you want to abandon this character and quit the game? (Confirm with "yes".)

#≈.≈≈≈≈≈≈≈ #≈.≈≈≈≈≈≈≈
#..≈≈≈≈.≈≈ .≈≈≈≈≈≈_≈≈
.≈.≈≈≈..♣≈≈≈≈.>.
...≈≈≈≈≈≈≈≈≈....
...≈≈≈≈≈≈≈≈≈≈...
.≈≈†≈≈≈≈≈≈≈≈.≈#+######
.≈...≈...≈≈≈≈...@....#
.≈.≈≈≈.≈≈≈...≈..####.#
..#######.###.### #.#
..............# #.#
#..........####### #.#
#..######........# #O#
#.....# #........# #.#
#..##.# #........# #.#
#..##.# #........# #.#


There were no monsters in sight!

Vanquished Creatures
  An ogre (D:2)
  2 dart slugs
  A leopard gecko (D:2)
  3 orcs (D:2)
  A ball python (D:1)
  A giant cockroach (D:1)
  4 goblins (D:1)
  5 hobgoblins (D:1)
  3 jackals (D:2)
  A kobold (D:1)
  A quokka (D:2)
  4 bats
  2 frilled lizards
  4 rats
33 creatures vanquished.

Vanquished Creatures (others)
  90 foxfires
90 creatures vanquished.

Grand Total: 123 creatures vanquished

Notes
Turn   | Place    | Note
-------+----------+-------------------------------------------
     0 | D:1      | Aviak the Demonspawn Fire Elementalist began the quest for
                  | the Orb.
     0 | D:1      | Reached XP level 1. HP: 13/13 MP: 3/3
   246 | D:1      | Gained mutation: You have sharp fingernails. [demonic
                  | ancestry]
   246 | D:1      | Reached XP level 2. HP: 20/20 MP: 0/5
   508 | D:1      | Reached skill level 1 in Fighting
   852 | D:1      | Reached skill level 3 in Fire Magic
  1204 | D:2      | Gained mutation: You have very sharp fingernails. [demonic
                  | ancestry]
  1204 | D:2      | Reached XP level 3. HP: 26/26 MP: 0/6
  1412 | D:2      | Found a faded altar of an unknown god.
  1523 | D:2      | Noticed an ogre
  1599 | D:2      | Killed an ogre
  1599 | D:2      | Gained mutation: You are partially covered in sharp spines.
                  | [demonic ancestry]
  1599 | D:2      | Reached XP level 4. HP: 31/33 MP: 1/8
  1601 | D:2      | Quit the game

Illustrated notes

Levels and vault maps discovered:
D:1:      minmay_arrival_diagonal_passages, layout_basic, minmay_bisected
D:2:      layout_basic, chequers_ecumenical_altar_island

Skill      XL: |  1  2  3 |
---------------+----------+-----
Fighting       | 1 2 |  2.1
Fire Magic     | 3 |  3.4
Conjurations   | 2 |  2.3
Dodging        | |  1.7
Stealth        | |  1.7
Spellcasting   | |  2.9

Action                   |  1- 3 |  4- 6 || total
-------------------------+-------+-------++-------
Melee: Dagger            |    19 |       ||    19
 Cast: Foxfire           |    56 |       ||    56
  Use: Potion            |     1 |       ||     1
  Eat: Chunk             |     2 |       ||     2
Armor: Robe              |     7 |       ||     7
Dodge: Dodged            |    32 |       ||    32
